 Dungeon Crawl Stone Soup version 0.17-a0-1399-gd5b76e1 (webtiles) character file.

214 urechis the Spear-Bearer (level 5, 0/38 HPs)
             Began as a Merfolk Gladiator on June 19, 2015.
             Slain by Grinder (4 damage)
             ... while paralysed by Grinder
             ... on level 3 of the Dungeon.
             The game lasted 00:04:17 (2286 turns).

urechis the Spear-Bearer (Merfolk Gladiator)        Turns: 2286, Time: 00:04:18

Health: 0/38       AC:  5    Str: 15    XL:     5   Next: 92%
Magic:  5/5        EV:  2    Int:  8    God:
Gold:   127        SH:  0    Dex: 15    Spells: 0 memorised, 4 levels left

rFire  . . .     SeeInvis .     a - +0 trident
rCold  . . .     Clarity  .     b - +0 leather armour
rNeg   . . .     SustAt   .     (no shield)
rPois  .         Gourm    .     c - +0 helmet
rElec  .         Spirit   .     i - +0 cloak
rCorr  .         Warding  .     (no gloves)
rMut   .         Stasis   .     (no boots)
MR     .....                    (no amulet)
Stlth  +.........               (no ring)
                                (no ring)

@: paralysed, not resistant to hostile enchantments, very unstealthy
A: change form in water, swift swim
a: no special abilities


You were on level 3 of the Dungeon.
You were very hungry.

You visited 1 branch of the dungeon, and saw 3 of its levels.

You collected 127 gold pieces.

Inventory:

Hand weapons
 a - a +0 trident (weapon)
Missiles
 d - 5 throwing nets (quivered)
Armour
 b - a +0 leather armour (worn)
 c - a +0 helmet (worn)
 i - a +0 cloak (worn)
Magical devices
 l - a wand of slowing (14)
Scrolls
 f - 2 scrolls of identify {unknown}
 g - 4 scrolls of remove curse {unknown}
 j - a scroll of teleportation {unknown}
 k - 3 scrolls of random uselessness {unknown}
 m - a scroll of noise {unknown}
 o - a scroll of fear {unknown}
 q - a scroll of enchant weapon {unknown}
Potions
 n - a potion of lignification {unknown}
 p - a potion of flight {unknown}
 r - a potion of beneficial mutation {unknown}
Comestibles
 e - 4 bread rations


   Skills:
 - Level 2.1 Fighting
 + Level 9.2 Polearms
 - Level 2.0 Throwing
 - Level 4.0 Dodging


You had 4 spell levels left.
You didn't know any spells.

Dungeon Overview and Level Annotations

Branches:
Dungeon (3/15)

Altars:

Annotations:
D:3 Grinder


Message History

You puncture Grinder!
Grinder is almost dead.
The quokka closely misses you.
You closely miss Grinder.
Grinder is almost dead.
Grinder gestures at you.
You suddenly lose the ability to move!
The quokka bites you but does no damage.
The quokka bites you but does no damage.
Grinder hits you but does no damage.
The quokka bites you but does no damage.
Grinder hits you.
* * * LOW HITPOINT WARNING * * *
You writhe in agony.
* * * LOW HITPOINT WARNING * * *
The quokka bites you but does no damage.
Grinder hits you.
* * * LOW HITPOINT WARNING * * *
You writhe in agony.
You die...

.. .. ###.# #
#.... ######.#.# #
#. ...##.#.# .
....###.##.#.# #
#..........#.## #
...###.###@r.#
#####
#.#..5.......
....#
#.#.#...#####
###.## #.#.##.##
.....# #.# # .#
###..### #.#.# .#
.......# ##.#.# .#
###..#.# #....# .#
#..#.#####.#.##.##


You could see Grinder and a quokka.

Vanquished Creatures
  Crazy Yiuf (D:2)
  Terence (D:2)
  5 gnolls
  3 adders
  2 oozes
  2 worms (D:3)
  A giant gecko (D:1)
  3 ball pythons
  7 bats
  6 giant cockroaches
  2 goblins (D:1)
  11 hobgoblins
  8 kobolds
  A quokka (D:3)
  5 giant newts
  5 jackals (D:2)
  7 rats
70 creatures vanquished.

Notes
Turn   | Place    | Note
--------------------------------------------------------------
     0 | D:1      | urechis the Merfolk Gladiator began the quest for the Orb.
     0 | D:1      | Reached XP level 1. HP: 16/16 MP: 1/1
    79 | D:1      | Reached skill level 5 in Polearms
    80 | D:1      | Reached XP level 2. HP: 2/22 MP: 2/2
    80 | D:1      | HP: 1/22 [ball python (1)]
   551 | D:1      | Reached XP level 3. HP: 8/27 MP: 3/3
   584 | D:1      | Reached skill level 6 in Polearms
  1396 | D:2      | Noticed Crazy Yiuf
  1413 | D:2      | Killed Crazy Yiuf
  1413 | D:2      | Reached skill level 7 in Polearms
  1413 | D:2      | Reached XP level 4. HP: 7/33 MP: 0/4
  1639 | D:2      | Reached skill level 8 in Polearms
  1639 | D:2      | Reached XP level 5. HP: 6/38 MP: 5/5
  1707 | D:2      | Noticed Terence
  1731 | D:2      | Killed Terence
  2102 | D:3      | Reached skill level 9 in Polearms
  2250 | D:3      | Noticed Grinder
  2283 | D:3      | Paralysed by Grinder for 7 turns
  2286 | D:3      | Slain by Grinder

Vault maps used:
D:1:      dpeg_arrival_more_subterranean_lakeside_camping, st_stairs_14
D:2:      uniq_terence, uniq_crazy_yiuf_cottage
D:3:      lemuel_coloured_pillars_altar, uniq_grinder

Action                   |  1- 3 |  4- 6 || total
-------------------------+-------+-------++-------
Melee: Trident           |   146 |   187 ||   333
Throw: Throwing net      |       |     4 ||     4
  Use: Potion            |       |     1 ||     1
 Stab: Sleeping          |     1 |     2 ||     3
       Held in net/web   |       |     3 ||     3
  Eat: Chunk             |     2 |     2 ||     4
